 Dungeon Crawl Stone Soup version 0.28-a0-932-g843f935a50 (webtiles) character file.

Game seed: 1490485014904979813

2282 Zonian the Covert (level 9, -4/50 HPs)
             Began as a Vine Stalker Brigand on Nov 27, 2021.
             Was a Follower of Dithmenos.
             Slain by an orc warrior (6 damage)
             ... on level 6 of the Dungeon.
             The game lasted 00:12:56 (6916 turns).

Zonian the Covert (Vine Stalker Brigand)            Turns: 6916, Time: 00:12:57

Health: -4/50      AC:  0    Str: 13    XL:     9   Next: 39%
Magic:  0/19       EV: 13    Int: 11    God:    Dithmenos [*.....]
Gold:   144        SH:  0    Dex: 20    Spells: 8/8 levels left

rFire   . . .      SeeInvis .   w - +2 short sword (venom)
rCold   . . .      Faith    .   (no shield)
rNeg    . . .      Spirit   +   b - +0 robe
rPois   .          Reflect  .   (no helmet)
rElec   .          Harm     .   c - +1 cloak
rCorr   .          Rampage  .   (no gloves)
Will    +....                   (no boots)
Stlth   ++++++....              (no amulet)
HPRegen 0.96/turn               l - ring of magical power
MPRegen 0.16/turn               (no ring)

@: corroded, wreathed by umbra
A: fangs 3, regeneration 1, magic shield, antimagic bite, no potion heal 2
a: Renounce Religion


You were on level 6 of the Dungeon.
You worshipped Dithmenos.
Dithmenos was aware of your devotion.
You visited 2 branches of the dungeon, and saw 8 of its levels.

You collected 192 gold pieces.
You spent 48 gold pieces at shops.

Inventory:

Hand Weapons
 a - a +2 dagger
 g - a +0 hand crossbow of flaming
 m - a +3 dagger of flaming
 q - a +0 dagger of speed
 r - a +0 dagger of chaos
 t - a +1 dagger of venom
 w - a +2 short sword of venom (weapon)
Missiles
 d - 27 poisoned darts (quivered)
 e - 2 curare-tipped darts
 j - 48 bolts
Armour
 b - a +0 robe (worn)
 c - a +1 cloak (worn)
 s - a +0 leather armour of poison resistance
Jewellery
 f - a ring of positive energy
 k - a ring of wizardry
 l - a ring of magical power (left hand)
 o - a +4 ring of evasion
Wands
 h - a wand of paralysis (17)
 v - a wand of mindburst (16)
Scrolls
 u - a scroll of holy word
 x - 2 scrolls of magic mapping
Potions
 i - a potion of invisibility
 n - a potion of magic
 p - a potion of might
 z - a potion of curing
 A - a potion of attraction


   Skills:
 + Level 7.4 Fighting
 + Level 8.0 Short Blades
 + Level 1.8 Throwing
 + Level 2.9 Dodging
 + Level 12.5 Stealth
 * Level 0.9 Invocations


You had 8 spell levels left.
You didn't know any spells.
Your spell library contained the following spells:

 Spells                   Type           Power      Damage    Failure   Level
 Beastly Appendage        Tmut           0%         N/A       34%         1
 Passwall                 Tmut/Erth      0%         N/A       47%         2
 Wereblood                Tmut           0%         N/A       47%         2
 Ozocubu's Armour         Ice            0%         N/A       71%         3
 Spider Form              Tmut/Pois      0%         N/A       71%         3
 Swiftness                Air            0%         N/A       71%         3
 Summon Lightning Spire   Summ/Air       0%         N/A       98%         4
 Metabolic Englaciation   Hex/Ice        0%         N/A       100%        5
 Simulacrum               Ice/Necr       0%         N/A       100%        6
 Storm Form               Tmut/Air       0%         N/A       100%        7
 Maxwell's Capacitive Co  Air            0%         ∞         100%        8


Dungeon Overview and Level Annotations

Branches:
Dungeon (7/15)             Temple (1/1) D:5

Altars:
Ashenzari
Cheibriados
Dithmenos
Elyvilon
Hepliaklqana
Kikubaaqudgha
Nemelex Xobeh
Okawaru
Qazlal
Trog
Uskayaw
Vehumet
Wu Jian
Xom
Yredelemnul
Zin
The Shining One

Shops:
D:3 *   D:6 :

Annotations:
D:4 3 runed translucent doors, Daunt's ghost, amateur MiAM


Innate Abilities, Weirdness & Mutations

You have razor-sharp teeth.
Your natural rate of healing is unusually fast.
When hurt, damage is shared between your health and your magic reserves.
Your bite disrupts and absorbs the magic of your enemies.
Potions cannot restore your health.


Message History

A killer bee comes into view.
Found a stone staircase leading up.
The helpless centaur skeleton fails to defend itself.
You perforate the centaur skeleton like a sieve!!!!
You destroy the centaur skeleton!
Dithmenos accepts your kill.
You are shrouded in an aura of darkness!
Your Short Blades skill increases to level 8!
Unknown command. 2 killer bees come into view.
Found a stone staircase leading down.
The helpless killer bee fails to defend itself.
You perforate the killer bee like a sieve!!!!
You kill the killer bee!
Dithmenos accepts your kill.
Unknown command.
Found an escape hatch in the ceiling.
There is a stone staircase leading up here.
There are no items here.
You climb upwards.
The orc warrior shouts! x2
A rust devil comes into view.
The rust devil screeches! x2
Found a war axe, a scimitar, a halberd and a battleaxe.
There is a stone staircase leading down here.
Unknown command.
You hit the orc warrior but do no damage.
The orc warrior is poisoned.
The orc warrior hits you with a +2 morningstar of freezing!
The orc warrior freezes you.
You hit the rust devil but do no damage.
The orc warrior hits you with a +2 morningstar of freezing!
The orc warrior freezes you.
You are too injured to fight recklessly!
Unknown command.
The rust devil hits you. The rust devil corrodes you!
The orc warrior hits you with a +2 morningstar of freezing!!
* * * LOW HITPOINT WARNING * * *
The orc warrior freezes you!
You die...

#.....#....### ###.............
#.....#...##♣...♣##..##'#......
#.....#...#).....)#..#..#......
#.....#..###.....###.#..#......
#.....##.# '..8..' #.#..#......
#........###.....###.#..#......
#.........#)..o..)#..#..#......
#.........##♣4o4♣##..'..#......
#..........###@###...#..#......
#............###.....#..#......
#..........#.........#..#......
#..........#....######..#......
#..........#........#####......
#..........#........#..........
#..........#....##'##.....>....
#..........#....#..............
#..........+....#..............


You could see 2 rust devils and 2 orc warriors.

Vanquished Creatures
  A water moccasin (D:5)
  2 black bears (D:5)
  2 sky beasts (D:6)
  A necrophage (D:6)
  2 ice beasts (D:5)
  3 ogres
  A kobold brigand (D:6)
  A scorpion (D:4)
  A killer bee (D:7)
  4 crimson imps
  A centaur zombie (D:6)
  4 hounds
  A bullfrog skeleton (D:5)
  3 centaur skeletons
  5 orc wizards
  3 iguanas
  A howler monkey zombie (D:3)
  4 gnolls (D:3)
  2 howler monkey skeletons
  14 adders
  A shadow imp (D:6)
  A white imp (D:5)
  3 ufetubi
  A dart slug (D:4)
  16 orcs
  9 endoplasms
  2 giant cockroaches
  14 goblins
  3 hobgoblins
  2 jackals (D:4)
  18 kobolds
  2 quokkas
  5 ball pythons
  12 bats
  4 frilled lizards
  2 rats
151 creatures vanquished.

Vanquished Creatures (others)
  3 fungi (D:4)
  2 plants
5 creatures vanquished.

Grand Total: 156 creatures vanquished

Notes
Turn   | Place    | Note
-------+----------+-------------------------------------------
     0 | D:1      | Zonian the Vine Stalker Brigand began the quest for the
                  | Orb.
     0 | D:1      | Reached XP level 1. HP: 11/11 MP: 2/2
    23 | D:1      | Reached skill level 5 in Stealth
    59 | D:1      | Found a faded altar of an unknown god.
   554 | D:1      | Reached XP level 2. HP: 15/15 MP: 3/3
  1197 | D:1      | Reached skill level 6 in Stealth
  1354 | D:2      | Reached XP level 3. HP: 16/18 MP: 1/4
  1749 | D:2      | Reached skill level 1 in Dodging
  2037 | D:2      | Acquired a +0 hand crossbow of flaming
  2219 | D:2      | Gained mutation: Your natural rate of healing is unusually
                  | fast. [Vine Stalker growth]
  2219 | D:2      | Reached XP level 4. HP: 23/23 MP: 5/5
  2293 | D:3      | Found Raghow's Assorted Antiques.
  2308 | D:3      | Bought a scroll labelled KYG UHIMAERR for 24 gold pieces
  2308 | D:3      | Bought a scroll labelled INUAJU XULOU for 24 gold pieces
  2473 | D:3      | Reached skill level 7 in Stealth
  2661 | D:3      | Reached XP level 5. HP: 26/26 MP: 6/6
  3312 | D:3      | Reached skill level 11 in Stealth
  3312 | D:3      | Reached XP level 6. HP: 37/37 MP: 7/7
  3679 | D:4      | Found a runed translucent gate.
  3679 | D:4      | Found a runed translucent gate.
  3680 | D:4      | Found a runed translucent gate.
  3680 | D:4      | Noticed Daunt's ghost (amateur MiAM)
  3764 | D:4      | Reached XP level 7. HP: 27/41 MP: 8/8
  4014 | D:4      | Found a shimmering altar of Xom.
  4677 | D:5      | Entered Level 5 of the Dungeon
  4921 | D:5      | Reached skill level 12 in Stealth
  4921 | D:5      | Gained mutation: You have razor-sharp teeth. [Vine Stalker
                  | growth]
  4921 | D:5      | Reached XP level 8. HP: 22/45 MP: 9/9
  5036 | D:5      | Found a bloodstained altar of Trog.
  5151 | D:5      | Found a glowing golden altar of the Shining One.
  5202 | D:5      | Found a staircase to the Ecumenical Temple.
  5220 | Temple   | Entered the Ecumenical Temple
  6090 | D:6      | Found Mynniri's Book Boutique.
  6154 | D:6      | Found a shadowy altar of Dithmenos.
  6157 | D:6      | Became a worshipper of Dithmenos the Shadowed
  6182 | D:6      | Reached XP level 9. HP: 30/50 MP: 10/10
  6278 | D:6      | Found an ornate altar of the Wu Jian Council.
  6568 | D:6      | Found a radiant altar of Vehumet.
  6822 | D:6      | Found a glowing silver altar of Zin.
  6894 | D:7      | Reached * piety under Dithmenos
  6913 | D:6      | Noticed a rust devil
  6913 | D:6      | Noticed a rust devil
  6916 | D:6      | HP: 2/50 [orc warrior (17)]
  6916 | D:6      | Slain by an orc warrior

Illustrated notes

Levels and vault maps discovered:
D:1:      tarquinn_simple_flora_water_b, layout_basic,
          hellmonk_ecumenical_altar_slurped_away, minmay_misc_feat_room
D:2:      layout_basic
D:3:      layout_basic, serial_shops, nicolae_shop_overgrown_old_shop,
          kennysheep_doodads
D:4:      layout_gridville, led_xom_imps, gammafunk_ghost_nasty_kobolds,
          minmay_ogre_servants
D:5:      layout_loops_ring, trog_ov_bears_minmay, lemuel_crystal_altar,
          minmay_temple_entry_junction_2, corexii_leaking_fountain,
          kennysheep_generic_room_16
D:6:      cheibrodos_iron_armory, layout_gridville,
          grunt_dithmenos_smoke_and_mirrors, nzn_wu_jian_council_hall,
          mainiacjoe_overflow_catch_the_wave, serial_shops, nicolae_shop_stone
D:7:      layout_loops_cross, kennysheep_mini, uniq_pikel
Temple:   dpeg_chambers_temple

Skill      XL: |  1  2  3  4  5  6  7  8  9 |
---------------+----------------------------+-----
Stealth        | 5 6 7 11 12 | 12.5
Dodging        | 1 2 |  2.9
Fighting       | 2 6 7 |  7.4
Short Blades   | 2 6 7 8 |  8.0
Throwing       | |  1.8
Invocations    | |  0.9

Action                   |  1- 3 |  4- 6 |  7- 9 || total
-------------------------+-------+-------+-------++-------
Melee: Dagger            |    84 |   128 |   197 ||   409
       Bite              |    27 |    38 |   120 ||   185
       Short sword       |       |       |   114 ||   114
  Use: Scroll            |     5 |     6 |     6 ||    17
       Potion            |       |     1 |     1 ||     2
 Stab: Sleeping          |     7 |    10 |    14 ||    31
       Distracted        |       |       |     1 ||     1
Armor: Robe              |    20 |    29 |    43 ||    92
Dodge: Dodged            |    42 |    80 |   118 ||   240

Table legend: (Time is in decaauts)
 A = Elapsed time spent in this place.
 B = Non-inter-level travel time spent in this place.
 C = Inter-level travel time spent in this place.
 D = Time resting spent in this place.
 E = Time spent auto-exploring this place.
 F = Levels seen in this place.
 G = Mean time per level.
                   A        B        C        D        E       F      G
               +--------+--------+--------+--------+--------+-----+--------+
         Total |   6768 |   6539 |    229 |   1146 |   4066 |   8 |  846.0 |
       Dungeon |   6535 |   6306 |    229 |   1146 |   3844 |   7 |  933.6 |
        Temple |    233 |    233 |      0 |      0 |    222 |   1 |  233.0 |
               +--------+--------+--------+--------+--------+-----+--------+

Top non-repeatable levels by time:
     D:1: 1368 daAuts
     D:3: 1167 daAuts
     D:2: 1155 daAuts
     D:5: 1097 daAuts
     D:4: 915 daAuts
     D:6: 786 daAuts
  Temple: 233 daAuts
     D:7: 45 daAuts
